 Dungeon Crawl Stone Soup version 0.28-a0-983-g1de4e0787c (webtiles) character file.

Game seed: 1895880430566865310

378 GregHouse the Chopper (level 6, -1/53 HPs)
             Began as a Hill Orc Monk on Dec 3, 2021.
             Splashed by a jelly's acid (3 damage)
             ... on level 4 of the Dungeon.
             The game lasted 00:21:42 (6581 turns).

GregHouse the Chopper (Hill Orc Monk)               Turns: 6581, Time: 00:21:43

Health: -1/53      AC: -13   Str: 16    XL:     6   Next: 74%
Magic:  6/6        EV:  8    Int: 10    God:
Gold:   109        SH:  7    Dex: 13    Spells: 5/5 levels left

rFire   . . .      SeeInvis .   a - +0 hand axe
rCold   . . .      Faith    .   t - +0 kite shield
rNeg    . . .      Spirit   .   k - +0 ring mail {rPois}
rPois   +          Reflect  .   (no helmet)
rElec   .          Harm     .   (no cloak)
rCorr   .          Rampage  .   d - +0 pair of gloves
Will    .....                   (no boots)
Stlth   +.........              (no amulet)
HPRegen 0.17/turn               (no ring)
MPRegen 0.10/turn               (no ring)

@: corroded
A: no striking features
a: no special abilities


You were on level 4 of the Dungeon.
You visited 1 branch of the dungeon, and saw 5 of its levels.

You collected 151 gold pieces.
You spent 42 gold pieces at shops.

Inventory:

Hand Weapons
 a - a +0 hand axe (weapon)
Missiles
 e - 80 arrows
 m - 29 stones (quivered)
 n - 17 bolts
 u - 8 poisoned darts
Armour
 b - a +0 robe
 d - a +0 pair of gloves (worn)
 k - a +0 ring mail of poison resistance (worn)
 t - a +0 kite shield (worn)
Jewellery
 w - an amulet of faith
Scrolls
 c - a scroll of amnesia {unknown}
 f - 3 scrolls of teleportation {unknown}
 h - 3 scrolls of fear {unknown}
 i - 3 scrolls of identify {unknown}
 o - a scroll of enchant armour {unknown}
 q - a scroll of torment {unknown}
 s - a scroll of vulnerability {unknown}
 v - a scroll of enchant weapon {unknown}
 x - a scroll of fog {unknown}
 y - a scroll of blinking {unknown}
Potions
 g - 2 potions of curing
 j - a potion of magic {unknown}
 l - a potion of invisibility {unknown}
 p - a potion of brilliance {unknown}
 r - a potion of heal wounds {unknown}


   Skills:
 + Level 4.7 Fighting
 + Level 6.5 Axes
 + Level 3.5 Armour
 + Level 3.3 Dodging
 + Level 2.0 Stealth
 + Level 0.5 Shields


You had 5 spell levels left.
You didn't know any spells.
Your spell library contained the following spells:

 Spells                   Type           Power      Damage    Failure   Level
 Summon Guardian Golem    Hex/Summ       0%         N/A       100%        3
 Orb of Destruction       Conj           0%         N/A       100%        7
 Spellforged Servitor     Conj/Summ      0%         N/A       100%        7


Dungeon Overview and Level Annotations

Branches:
Dungeon (5/15)
 Temple: D:4-7

Altars:
Nemelex Xobeh
Ru
Wu Jian
The Shining One

Shops:
D:1 !   D:4 [

Annotations:
D:2 exclusion: downstairs
D:3 Sigmund
D:4 exclusion: upstairs, Menkaure


Message History

You see here a jackal corpse.
A jackal and a jelly come into view.
The jelly quivers.
The jackal barks!
You hear a bark!
You see here a jackal corpse.
You see here a jackal corpse.
The jackal bites you but does no damage.
You hit the jackal.
The jackal is moderately wounded.
The jackal completely misses you.
You hit the jackal.
The jackal is heavily wounded.
You block the jackal's attack.
The jackal bites you but does no damage.
You slash the jackal!
You kill the jackal!
You hit the jelly.
Your hands burn!
The jelly is moderately wounded.
The jelly hits you. The acid corrodes you!
You are splashed with acid!
You hit the jelly but do no damage. The acid corrodes you!
Your hands burn!
The jelly is moderately wounded.
The jelly hits you.
You are splashed with acid!
You hit the jelly. The acid corrodes you!
Your hands burn!
The jelly is moderately wounded.
The jelly closely misses you.
You hit the jelly. The acid corrodes you!
Your hands burn!
The jelly is heavily wounded.
The jelly hits you.
You are splashed with acid!
* * * LOW HITPOINT WARNING * * *
You block the jelly's attack.
You hit the jelly but do no damage. The acid corrodes you!
Your hands burn!
* * * LOW HITPOINT WARNING * * *
The jelly is heavily wounded.
The jelly jiggles.
The jelly hits you.
* * * LOW HITPOINT WARNING * * *
The acid corrodes you!
You are splashed with acid!
* * * LOW HITPOINT WARNING * * *
You hit the jelly but do no damage.
Your hands burn!
You die...

#.# #.......##.##
#.# ######.###.##
#.# #......## #.#
##########........
#.#
#.................
#.#
#.########.....#..
#####.# #.#
#.....### ......#
#.# ###.### .
######...# #@# #.#
#. # .#..... #J#
#.# #. # .. ####
#†# #.. . # #.# #
#†# #.# ## ### .#
#.#.####### #.#
<.# .# #..........
#. #†#
.......J...#######
#. #.
#.###.#.##########
#. .. ......... #.
.


You could see a jelly.

Vanquished Creatures
  An ogre (D:4)
  A scorpion (D:4)
  A hound (D:5)
  An iguana (D:4)
  An orc wizard (D:3)
  8 adders
  A white imp (D:3)
  2 worms
  2 dart slugs (D:2)
  5 orcs (D:3)
  5 ball pythons
  6 endoplasms
  A giant cockroach (D:2)
  5 goblins
  4 hobgoblins
  7 jackals
  2 quokkas (D:1)
  5 bats
  4 frilled lizards
  5 kobolds
  2 rats (D:2)
69 creatures vanquished.

Notes
Turn   | Place    | Note
-------+----------+-------------------------------------------
     0 | D:1      | GregHouse the Hill Orc Monk began the quest for the Orb.
     0 | D:1      | Reached XP level 1. HP: 19/19 MP: 1/1
   366 | D:1      | Reached XP level 2. HP: 27/27 MP: 2/2
   376 | D:1      | Found a faded altar of an unknown god.
   774 | D:1      | Found Yrchievej's Distillery.
   784 | D:1      | Bought a potion of curing for 42 gold pieces
  1552 | D:3      | Noticed Sigmund
  1673 | D:2      | Reached XP level 3. HP: 32/33 MP: 3/3
  2290 | D:2      | Reached skill level 5 in Axes
  2353 | D:2      | Reached XP level 4. HP: 40/40 MP: 4/4
  3181 | D:3      | Reached skill level 1 in Armour
  4168 | D:3      | Found an ornate altar of the Wu Jian Council.
  4270 | D:3      | Reached XP level 5. HP: 37/47 MP: 5/5
  4318 | D:3      | Found a sacrificial altar of Ru.
  4318 | D:3      | Found a glowing golden altar of the Shining One.
  4320 | D:3      | Found a sparkling altar of Nemelex Xobeh.
  5301 | D:4      | Noticed an ogre
  5813 | D:5      | Entered Level 5 of the Dungeon
  5880 | D:4      | Reached skill level 6 in Axes
  5907 | D:4      | Reached XP level 6. HP: 28/53 MP: 6/6
  6054 | D:4      | Found Xuilue's Antique Armour Emporium.
  6084 | D:4      | Noticed Menkaure
  6195 | D:4      | HP: 1/53 [ogre (12)]
  6580 | D:4      | HP: 2/53 [acid (7)]
  6581 | D:4      | Splashed by a jelly's acid

Illustrated notes

Levels and vault maps discovered:
D:1:      sevenhm_arrival_forest_fort_small_6, layout_rooms, serial_shops,
          nicolae_shop_waterfront, chequers_ecumenical_altar_island
D:2:      layout_loops_corners, serial_forest, infiniplex_forest_clump_medium,
          infiniplex_forest_straight_1, infiniplex_forest_lined_4_way,
          infiniplex_forest_lined_2, infiniplex_forest_straight_1,
          hangedman_glass_teeth
D:3:      layout_loops_corners, mainiacjoe_overflow_six_doors_small, minitemple,
          uniq_sigmund
D:4:      layout_loops_ring, serial_shops, nicolae_shop_overgrown_old_shop,
          uniq_menkaure
D:5:      layout_rooms

Skill      XL: |  1  2  3  4  5  6 |
---------------+-------------------+-----
Fighting       | 4 |  4.7
Axes           | 5 6 |  6.5
Armour         | 1 2 3 |  3.5
Dodging        | 3 |  3.3
Stealth        | 2 |  2.0
Shields        | |  0.5

Action                   |  1- 3 |  4- 6 || total
-------------------------+-------+-------++-------
Melee: Hand axe          |   138 |   198 ||   336
 Stab: Sleeping          |     1 |       ||     1
Armor: Robe              |    15 |       ||    15
       Ring mail         |    24 |    82 ||   106
Dodge: Dodged            |    90 |    95 ||   185
Block: Kite shield       |       |    18 ||    18

Table legend: (Time is in decaauts)
 A = Elapsed time spent in this place.
 B = Non-inter-level travel time spent in this place.
 C = Inter-level travel time spent in this place.
 D = Time resting spent in this place.
 E = Time spent auto-exploring this place.
 F = Levels seen in this place.
 G = Mean time per level.
                   A        B        C        D        E       F      G
               +--------+--------+--------+--------+--------+-----+--------+
         Total |   6631 |   6281 |    350 |   2374 |   1429 |   5 | 1326.2 |
       Dungeon |   6631 |   6281 |    350 |   2374 |   1429 |   5 | 1326.2 |
               +--------+--------+--------+--------+--------+-----+--------+

Top non-repeatable levels by time:
     D:3: 2511 daAuts
     D:2: 1931 daAuts
     D:1: 1117 daAuts
     D:4: 919 daAuts
     D:5: 151 daAuts
